3AAA
PORT ROYAL DISASTER @ HAMILTON COYOTES
07/27/2033
 
TOP OF THE 1ST
Port Royal Disaster batting - Pitching for Hamilton Coyotes : RHP Héctor Aguilar
Pitching: RHP Héctor Aguilar
Batting: RHB Loren Stallings 0-0: Ball
1-0: SINGLE (Groundball, 6D)
Batting: RHB Richard Cutshall 0-0: Called Strike
0-1: Fly out, F7 (Line Drive, 7D)
Batting: LHB Joey Coco 0-0: Ball
1-0: Foul Ball, location: 2F
1-1: Ball
2-1: Foul Ball, location: 2F
2-2: Strikes out swinging
Loren Stallings steals 2nd base
Batter strikes out.
Batting: SHB Jasper Morrison 0-0: Called Strike
0-1: Ball
1-1: Ball
2-1: Ground out U3 (Groundball, 3)
Top of the 1st over - 0 runs, 1 hit, 0 errors, 1 left on base; Port Royal 0 - Hamilton 0
BOTTOM OF THE 1ST
Hamilton Coyotes batting - Pitching for Port Royal Disaster : LHP Luis Vargas
Pitching: LHP Luis Vargas
Batting: RHB Elia Amberezzio 0-0: Called Strike
0-1: SINGLE (Groundball, 56D)
Batting: RHB Jim Scott 0-0: Ball
1-0: Foul Ball, location: 2F
1-1: Ball
2-1: Ball
3-1: Swinging Strike
3-2: Base on Balls
Elia Amberezzio to second
Batting: RHB Dani Trejo 0-0: Called Strike
0-1: Ball
1-1: Called Strike
1-2: Ball
2-2: Ball
3-2: Base on Balls
Elia Amberezzio to third
Jim Scott to second
Batting: LHB Ed Mellor 0-0: DOUBLE (Line Drive, 7LM)
Elia Amberezzio scores
Jim Scott scores
Dani Trejo to third
Batting: LHB Scot Willis 0-0: Called Strike
0-1: Ball
1-1: 3-RUN HOME RUN (Flyball, 89XD), Distance : 370 ft
Batting: RHB Warren Martin 0-0: Called Strike
0-1: Ball
1-1: Called Strike
1-2: Fly out, F9 (Flyball, 9)
Batting: LHB Tommy Sullivan 0-0: Called Strike
0-1: Fly out, F3 (Line Drive, 3)
Batting: SHB Martín Marrero 0-0: Called Strike
0-1: Swinging Strike
0-2: Ball
1-2: Foul Ball, location: 2F
1-2: Strikes out swinging
Bottom of the 1st over - 5 runs, 3 hits, 0 errors, 0 left on base; Port Royal 0 - Hamilton 5
TOP OF THE 2ND
Port Royal Disaster batting - Pitching for Hamilton Coyotes : RHP Héctor Aguilar
Batting: LHB Spencer Powell 0-0: Ball
1-0: DOUBLE (Flyball, 78D)
Batting: RHB Michael Brannon 0-0: Ball
1-0: Called Strike
1-1: Ground out 6-3 (Groundball, 6MD)
Spencer Powell to third
Batting: RHB Gary Chalmers 0-0: Called Strike
0-1: Ball
1-1: Called Strike
1-2: DOUBLE (Line Drive, 7D)
Spencer Powell scores
Batting: RHB Wes Shannon 0-0: Fly out, F9 (Flyball, 89M)
Batting: RHB Steve Bock 0-0: Ball
1-0: Swinging Strike
1-1: Fly out, F9 (Flyball, 9)
Top of the 2nd over - 1 run, 2 hits, 0 errors, 1 left on base; Port Royal 1 - Hamilton 5
BOTTOM OF THE 2ND
Hamilton Coyotes batting - Pitching for Port Royal Disaster : LHP Luis Vargas
Batting: RHB Ernest Daniels 0-0: Called Strike
0-1: SINGLE (Flyball, 8RS)
Batting: RHB Elia Amberezzio 0-0: Ball
1-0: Swinging Strike
1-1: SINGLE (Groundball, 56D)
Ernest Daniels to second
Batting: RHB Jim Scott 0-0: Fly out, F8 (Flyball, 8LXD)
Runner from 2nd tags up, SAFE at 3rd, no throw
Batting: RHB Dani Trejo 0-0: Ball
Elia Amberezzio is caught stealing 2nd base
1-0: Foul Ball, location: 2F
1-1: Ground out 6-3 (Groundball, 6)
Bottom of the 2nd over - 0 runs, 2 hits, 0 errors, 1 left on base; Port Royal 1 - Hamilton 5
TOP OF THE 3RD
Port Royal Disaster batting - Pitching for Hamilton Coyotes : RHP Héctor Aguilar
Batting: RHB Loren Stallings 0-0: Fly out, F8 (Flyball, 8LM)
Batting: RHB Richard Cutshall 0-0: Ball
1-0: SINGLE (Flyball, 89S)
Batting: LHB Joey Coco 0-0: Called Strike
Richard Cutshall is caught stealing 2nd base
0-1: Ground out 1-3 (Groundball, 13)
Top of the 3rd over - 0 runs, 1 hit, 0 errors, 0 left on base; Port Royal 1 - Hamilton 5
BOTTOM OF THE 3RD
Hamilton Coyotes batting - Pitching for Port Royal Disaster : LHP Luis Vargas
Batting: LHB Ed Mellor 0-0: Called Strike
0-1: Fly out, F9 (Line Drive, 9LM)
Batting: LHB Scot Willis 0-0: SOLO HOME RUN (Flyball, 7LD), Distance : 341 ft
Batting: RHB Warren Martin 0-0: Ball
1-0: Ball
2-0: Ball
3-0: Base on Balls
Batting: LHB Tommy Sullivan 0-0: Ball
1-0: Called Strike
1-1: Ball
Wild Pitch!
Warren Martin to second
2-1: Fly out, F9 (Flyball, 9LM)
Batting: SHB Martín Marrero 0-0: Called Strike
0-1: Swinging Strike
0-2: Ball
1-2: Fly out, F7 (Flyball, 7LMF)
Bottom of the 3rd over - 1 run, 1 hit, 0 errors, 1 left on base; Port Royal 1 - Hamilton 6
TOP OF THE 4TH
Port Royal Disaster batting - Pitching for Hamilton Coyotes : RHP Héctor Aguilar
Batting: SHB Jasper Morrison 0-0: SOLO HOME RUN (Flyball, 89XD), Distance : 382 ft
Batting: LHB Spencer Powell 0-0: Ball
1-0: Called Strike
1-1: Ball
2-1: Ball
3-1: Foul Ball, location: 2F
3-2: Base on Balls
Batting: RHB Michael Brannon 0-0: SINGLE (Groundball, 6MD)
Spencer Powell to second
Batting: RHB Gary Chalmers 0-0: SINGLE (Line Drive, 78S)
Spencer Powell to third
Michael Brannon to second
Batting: RHB Wes Shannon 0-0: Called Strike
0-1: Ball
1-1: Fly out, F9 (Flyball, 9S)
Batting: RHB Steve Bock 0-0: Ball
1-0: Grounds into double play, 6-4-3 (Groundball, 6M)
Top of the 4th over - 1 run, 3 hits, 0 errors, 2 left on base; Port Royal 2 - Hamilton 6
BOTTOM OF THE 4TH
Hamilton Coyotes batting - Pitching for Port Royal Disaster : LHP Luis Vargas
Batting: RHB Ernest Daniels 0-0: Ball
1-0: Called Strike
1-1: Ball
2-1: Ball
3-1: Base on Balls
Batting: RHB Elia Amberezzio 0-0: Ball
1-0: Swinging Strike
1-1: Grounds into double play, 5-4-3 (Groundball, 56)
Batting: RHB Jim Scott 0-0: Ball
1-0: Called Strike
1-1: Swinging Strike
1-2: Foul Ball, location: 2F
1-2: SINGLE (Groundball, 6D)
Pitching: LHP Magnus Scheving
Batting: RHB Dani Trejo 0-0: Foul Ball, location: 2F
0-1: Ball
1-1: Fly out, F7 (Flyball, 7)
Bottom of the 4th over - 0 runs, 1 hit, 0 errors, 1 left on base; Port Royal 2 - Hamilton 6
TOP OF THE 5TH
Port Royal Disaster batting - Pitching for Hamilton Coyotes : RHP Héctor Aguilar
Batting: RHB Loren Stallings 0-0: Ball
1-0: SINGLE (Groundball, 34D)
Batting: RHB Richard Cutshall 0-0: Called Strike
0-1: Fly out, F9 (Flyball, 89D)
Batting: LHB Joey Coco 0-0: Called Strike
0-1: Ball
Loren Stallings steals 2nd base
1-1: Foul Ball, location: 2F
1-2: Ball
2-2: Ground out 6-3 (Groundball, 4M)
Loren Stallings to third
Batting: SHB Jasper Morrison 0-0: Ball
1-0: 2-RUN HOME RUN (Flyball, 9D), Distance : 336 ft
Batting: LHB Spencer Powell 0-0: Ball
1-0: Called Strike
1-1: Foul Ball, location: 2F
1-2: Fly out, F7 (Flyball, 7D)
Top of the 5th over - 2 runs, 2 hits, 0 errors, 0 left on base; Port Royal 4 - Hamilton 6
BOTTOM OF THE 5TH
Hamilton Coyotes batting - Pitching for Port Royal Disaster : LHP Magnus Scheving
Batting: LHB Ed Mellor 0-0: Called Strike
0-1: Fly out, F5 (Popup, 56S)
Batting: LHB Scot Willis 0-0: Ball
1-0: Ball
2-0: Ball
3-0: Base on Balls
Batting: RHB Warren Martin 0-0: Ball
1-0: Called Strike
1-1: Foul Ball, location: 2F
1-2: Ball
2-2: Foul Ball, location: 2F
2-2: Strikes out looking
Batting: LHB Tommy Sullivan 0-0: Called Strike
0-1: Called Strike
0-2: Ball
1-2: Strikes out looking
Bottom of the 5th over - 0 runs, 0 hits, 0 errors, 1 left on base; Port Royal 4 - Hamilton 6
TOP OF THE 6TH
Port Royal Disaster batting - Pitching for Hamilton Coyotes : RHP Héctor Aguilar
Batting: RHB Michael Brannon 0-0: Ball
1-0: Called Strike
1-1: Ground out 4-3 (Groundball, 34)
Batting: RHB Gary Chalmers 0-0: Ball
1-0: Called Strike
1-1: SINGLE (Groundball, 56D)
Batting: RHB Wes Shannon 0-0: Called Strike
Gary Chalmers steals 2nd base
0-1: SINGLE (Line Drive, 89S)
Gary Chalmers to third
Runner from 3rd tries for Home, SAFE, throw made home
Batting: RHB Steve Bock 0-0: Swinging Strike
0-1: Swinging Strike
0-2: Ball
1-2: Ball
Wild Pitch!
Wes Shannon to second
2-2: Strikes out swinging
Batting: RHB Loren Stallings 0-0: Swinging Strike
0-1: Foul Ball, location: 2F
0-2: Ground out 1-3 (Groundball, 15)
Top of the 6th over - 1 run, 2 hits, 0 errors, 1 left on base; Port Royal 5 - Hamilton 6
BOTTOM OF THE 6TH
Hamilton Coyotes batting - Pitching for Port Royal Disaster : LHP Magnus Scheving
Batting: SHB Martín Marrero 0-0: Ball
1-0: Ball
2-0: Ball
3-0: Base on Balls
Batting: RHB Ernest Daniels 0-0: Ball
1-0: Sac Bunt - play at first, batter OUT! 3-4
Martín Marrero to second
Batting: RHB Elia Amberezzio 0-0: Called Strike
0-1: Ball
1-1: Ball
2-1: Ball
3-1: Called Strike
3-2: Base on Balls
Batting: RHB Jim Scott 0-0: Ball
1-0: Called Strike
1-1: Foul Ball, location: 2F
1-2: Fly out, F7 (Flyball, 78S)
Pitching: RHP Masaharu Sakata
Batting: RHB Dani Trejo 0-0: Ball
1-0: Ball
2-0: Fly out, F6 (Line Drive, 56)
Bottom of the 6th over - 0 runs, 0 hits, 0 errors, 2 left on base; Port Royal 5 - Hamilton 6
TOP OF THE 7TH
Port Royal Disaster batting - Pitching for Hamilton Coyotes : RHP Héctor Aguilar
Batting: RHB Richard Cutshall 0-0: Called Strike
0-1: Fly out, F9 (Flyball, 9S)
Batting: LHB Joey Coco 0-0: Ball
1-0: Called Strike
1-1: Ball
2-1: Ball
3-1: Called Strike
3-2: Base on Balls
Batting: SHB Jasper Morrison 0-0: Ball
1-0: Ball
2-0: Fly out, F7 (Line Drive, 7D)
Runner from 1st tags up, SAFE at 2nd
Pitching: RHP Yosuke Takahashi
Batting: LHB Spencer Powell 0-0: Foul Ball, location: 2F
0-1: Ball
1-1: Ball
2-1: Foul Ball, location: 2F
2-2: SINGLE (Flyball, 9S)
Joey Coco to third
Runner from 3rd tries for Home, SAFE, no throw
Pinch Runner at 1st Sisto Pagnamenta:
Batting: RHB Michael Brannon 0-0: Ball
1-0: Ball
2-0: Foul Ball, location: 2F
2-1: Called Strike
2-2: Fly out, F7 (Flyball, 78D)
Top of the 7th over - 1 run, 1 hit, 0 errors, 1 left on base; Port Royal 6 - Hamilton 6
BOTTOM OF THE 7TH
Hamilton Coyotes batting - Pitching for Port Royal Disaster : RHP Masaharu Sakata
Now at 1B: Sisto Pagnamenta
Batting: LHB Ed Mellor 0-0: Ball
1-0: Swinging Strike
1-1: Called Strike
1-2: Ball
2-2: Foul Ball, location: 2F
2-2: Ball
3-2: Base on Balls
Batting: LHB Scot Willis 0-0: Ball
1-0: Ball
2-0: Ball
3-0: Base on Balls
Ed Mellor to second
Batting: RHB Warren Martin 0-0: Bunted foul
0-1: Bunted foul
0-2: Fielders Choice at 2nd, 1-6 (Groundball, 13S)
Ed Mellor to third
Batting: LHB Tommy Sullivan 0-0: Ball
1-0: Called Strike
1-1: Ball
2-1: Swinging Strike
2-2: Ball
3-2: Foul Ball, location: 2F
3-2: Fly out, F4 (Popup, 4MD)
Batting: SHB Martín Marrero 0-0: Ball
1-0: Called Strike
1-1: Foul Ball, location: 2F
1-2: Foul Ball, location: 2F
1-2: Foul Ball, location: 2F
1-2: Foul Ball, location: 2F
1-2: Ground out 6-3 (Groundball, 6M)
Bottom of the 7th over - 0 runs, 0 hits, 0 errors, 2 left on base; Port Royal 6 - Hamilton 6
TOP OF THE 8TH
Port Royal Disaster batting - Pitching for Hamilton Coyotes : RHP Yosuke Takahashi
Batting: RHB Gary Chalmers 0-0: Fly out, F7 (Flyball, 7S)
Batting: RHB Wes Shannon 0-0: Ball
1-0: Ball
2-0: Swinging Strike
2-1: Swinging Strike
2-2: SINGLE (Flyball, 9LS)
Pinch Runner at 1st Ricky Payton:
Batting: RHB Steve Bock 0-0: Ball
1-0: Called Strike
1-1: Ball
2-1: Ground out 5-3 (Groundball, 56)
Ricky Payton to second
Batting: RHB Loren Stallings 0-0: Ground out 4-3 (Groundball, 4)
Top of the 8th over - 0 runs, 1 hit, 0 errors, 1 left on base; Port Royal 6 - Hamilton 6
BOTTOM OF THE 8TH
Hamilton Coyotes batting - Pitching for Port Royal Disaster : RHP Masaharu Sakata
Batting: RHB Ernest Daniels 0-0: Foul Ball, location: 2F
0-1: Called Strike
0-2: Strikes out swinging
Batting: RHB Elia Amberezzio 0-0: Called Strike
0-1: Ball
1-1: Ball
2-1: Fly out, F9 (Flyball, 9LS)
Batting: RHB Jim Scott 0-0: Swinging Strike
0-1: Foul Ball, location: 2F
0-2: Strikes out looking
Bottom of the 8th over - 0 runs, 0 hits, 0 errors, 0 left on base; Port Royal 6 - Hamilton 6
TOP OF THE 9TH
Port Royal Disaster batting - Pitching for Hamilton Coyotes : RHP Yosuke Takahashi
Pitching: RHP Yeon-kyu Kim
Batting: RHB Richard Cutshall 0-0: Called Strike
0-1: Called Strike
0-2: Strikes out looking
Batting: LHB Joey Coco 0-0: DOUBLE (Flyball, 8RXD)
Batting: SHB Jasper Morrison 0-0: Intentional Walk
Batting: LHB Sisto Pagnamenta 0-0: Foul Ball, location: 2F
0-1: Swinging Strike
0-2: Foul Ball, location: 2F
0-2: Strikes out swinging
Batting: RHB Michael Brannon 0-0: Hit by Pitch
Joey Coco to third
Jasper Morrison to second
Batting: RHB Gary Chalmers 0-0: SINGLE (Line Drive, 7LS)
Joey Coco scores
Jasper Morrison to third
Michael Brannon to second
Runner from 3rd tries for Home, SAFE, throw made home
Batting: LHB Ricky Payton 0-0: SINGLE (Line Drive, 34D)
Michael Brannon to third
Gary Chalmers to second
Runner from 3rd tries for Home, SAFE, no throw
Batting: RHB Steve Bock 0-0: SINGLE (Line Drive, 7S)
Gary Chalmers to third
Ricky Payton to second
Batting: RHB Loren Stallings 0-0: Swinging Strike
0-1: Ball
1-1: Ball
2-1: Fly out, F9 (Flyball, 89D)
Top of the 9th over - 3 runs, 4 hits, 0 errors, 3 left on base; Port Royal 9 - Hamilton 6
BOTTOM OF THE 9TH
Hamilton Coyotes batting - Pitching for Port Royal Disaster : RHP Masaharu Sakata
Pitching: LHP Paco Salazar
Batting: RHB Dani Trejo 0-0: Called Strike
0-1: Called Strike
0-2: Ball
1-2: Ball
2-2: Ball
3-2: Foul Ball, location: 2F
3-2: Foul Ball, location: 2F
3-2: Base on Balls
Batting: LHB Ed Mellor 0-0: Ball
1-0: Called Strike
1-1: Ball
2-1: Ball
3-1: Called Strike
3-2: Foul Ball, location: 2F
3-2: Strikes out swinging
Batting: LHB Scot Willis 0-0: Called Strike
0-1: Called Strike
0-2: Ball
1-2: Foul Ball, location: 2F
1-2: Ball
2-2: Ball
3-2: Foul Ball, location: 2F
3-2: Base on Balls
Dani Trejo to second
Batting: RHB Warren Martin 0-0: Called Strike
0-1: Ball
1-1: SINGLE (Line Drive, 8LS)
Dani Trejo to third
Scot Willis to second
Pinch Hitting: RHB Mike Jennings 0-0: Swinging Strike
0-1: Swinging Strike
0-2: Strikes out swinging
Batting: SHB Martín Marrero 0-0: Ball
1-0: Swinging Strike
1-1: Ball
2-1: Fly out, F8 (Flyball, 8LM)
Bottom of the 9th over - 0 runs, 1 hit, 0 errors, 3 left on base; Port Royal 9 - Hamilton 6
Saturday, December 22nd, 2018 - OOTP Baseball 18.8 Build 76